 Dungeon Crawl Stone Soup version 0.17.0-23-g0de4337 (console) character file.

2 gw the Chucker (level 1, 0/17 HPs)
             Began as a Centaur Hunter on Nov 13, 2015.
             Slain by a bat (1 damage)
             ... on level 1 of the Dungeon.
             The game lasted 00:00:27 (42 turns).

gw the Chucker (Centaur Hunter)                       Turns: 42, Time: 00:00:27

Health: 0/17       AC:  4    Str: 14    XL:     1   Next: 25%
Magic:  1/1        EV:  9    Int: 10    God:
Gold:   0          SH:  0    Dex:  9    Spells: 0 memorised, 0 levels left

rFire  . . .     SeeInvis .     c - +0 short sword
rCold  . . .     Clarity  .     d - +0 leather armour
rNeg   . . .     SustAt   .     (no shield)
rPois  .         Gourm    .     (no helmet)
rElec  .         Spirit   .     (no cloak)
rCorr  .         Warding  .     (no gloves)
rMut   .         Stasis   .     (no barding)
MR     .....                    (no amulet)
Stlth  +.........               (no ring)
                                (no ring)

@: very quick, not resistant to hostile enchantments, very unstealthy
A: hooves 3, deformed body, speed 2, tough skin 3
a: no special abilities


You were on level 1 of the Dungeon.
You were not hungry.

You visited 1 branch of the dungeon, and saw 1 of its levels.

Inventory:

Hand Weapons
 c - a +0 short sword (weapon)
Missiles
 a - 6 javelins (quivered)
 b - 2 throwing nets
Armour
 d - a +0 leather armour (worn)
Scrolls
 f - a scroll of teleportation {unknown}
Comestibles
 e - a bread ration


   Skills:
 + Level 2.1 Fighting
 - Level 4.3 Throwing
 + Level 0.1 Armour
 - Level 1.3 Dodging
 - Level 0.5 Stealth


You couldn't memorise any spells.
You didn't know any spells.

Dungeon Overview and Level Annotations

Branches:
Dungeon (1/15)

Altars:


Innate Abilities, Weirdness & Mutations

You have hooves in place of feet.
Armour fits poorly on your strangely shaped body.
You cover ground very quickly.
You have extremely tough skin (AC +3).


Message History

The rat bites you. The goblin hits you.
ATTACK MOVE TO (-1,0)
You closely miss the bat. Your kick misses the bat.
The bat hits you but does no damage. The bat barely misses you.
The rat bites you but does no damage. The goblin closely misses you.
ATTACK MOVE TO (1,-1)
You hit the rat.
You kill the rat!
The bat barely misses you. The goblin hits you.
ATTACK MOVE TO (1,0)
You hit the goblin.
You kill the goblin!
The bat barely misses you.
ATTACK MOVE TO (0,1)
You hit the bat. Your kick misses the bat.
The bat is severely wounded.
The bat hits you but does no damage.
ATTACK MOVE TO (0,1)
The bat hits you.
You die...

#~~~~~..~~~~~#
#~..........~#
#~.########.~#
#~..........~# ~
#~~~~~..~~~~~#
~.######''######.
~..8..8....8..8..
~~~~~~~~..~~~~~~~
.......c.........
#######b.#.###.#.
.#.#.# # .......
...#.....
..?.##..... .....
.>#### ...... ...


You could see a bat.

Table legend:
 A = Turns spent in this place as a percentage of turns spent in the entire game.
 B = Non-inter-level travel turns spent in this place as a percentage of non-inter-level travel turns spent in the entire game.
 C = Inter-level travel turns spent in this place as a percentage of turns spent in this place.
 D = Turns resting spent in this place as a percentage of non-inter-level travel turns spent in this place.
 E = Turns spent auto-exploring this place as a percentage of non-inter-level travel turns spent in this place.
 F = Non-inter-level travel turns spent in this place divided by the number of levels of this place that you've seen.
                   A       B       C       D       E      F
               +-------+-------+-------+-------+-------+----------------------
         Total | 100.0 | 100.0 |   0.0 |   0.0 |   1.9 | 103.0
       Dungeon | 100.0 | 100.0 |   0.0 |   0.0 |   1.9 | 103.0
               +-------+-------+-------+-------+-------+----------------------

Table legend:
 A = Kills in this place as a percentage of kills in entire the game.
 B = Kills by you in this place as a percentage of kills by you in the entire game.
 C = Kills by friends in this place as a percentage of kills by friends in the entire game.
 D = Other kills in this place as a percentage of other kills in the entire game.
 E = Experience gained in this place as a percentage of experience gained in the entire game.
 F = Experience gained in this place divided by the number of levels of this place that you have seen.
                   A       B       C       D       E      F
               +-------+-------+-------+-------+-------+----------------------
         Total | 100.0 | 100.0 |  -nan |  -nan | 100.0 |   3.0
       Dungeon | 100.0 | 100.0 |  -nan |  -nan | 100.0 |   3.0
               +-------+-------+-------+-------+-------+----------------------

Vanquished Creatures
  A goblin (D:1)
  2 rats (D:1)
3 creatures vanquished.

Notes
Turn   | Place    | Note
--------------------------------------------------------------
     0 | D:1      | gw the Centaur Hunter began the quest for the Orb.
     0 | D:1      | Reached XP level 1. HP: 17/17 MP: 1/1
    42 | D:1      | Slain by a bat

Action                   || total
-------------------------++-------
Melee: Short sword       ||     9

Vault maps used:
D:1:      lightli_arrival_isolated_outpost, hangedman_decor_lopped
